EL
NEW HAMPSHIRE FISHER CATS @ CORPUS CHRISTI HOOKS
08/15/2049
 
TOP OF THE 1ST
New Hampshire Fisher Cats batting - Pitching for Corpus Christi Hooks : RHP Muckle Wildriver
Pitching: RHP Muckle Wildriver
Batting: RHB Tokuji Kawabata 0-0: Foul Ball, location: 2F
0-1: Foul Ball, location: 2F
0-2: Hit by Pitch
Batting: RHB Stephen Casteel 0-0: Called Strike
0-1: Fly out, F8 (Flyball, 8RM, EV 93.8 MPH)
Batting: RHB Raul de la Cruz 0-0: Ball
1-0: Ball
2-0: Ball
3-0: Called Strike
3-1: Fielders Choice at 2nd, 5-4 (Groundball, 56S, EV 78.8 MPH)
Batting: LHB Gabe Pace 0-0: Ball
1-0: Swinging Strike
1-1: Ball
2-1: Ball
3-1: Base on Balls
Raul de la Cruz to second
Batting: RHB John Hering 0-0: Foul Ball, location: 2F
0-1: SINGLE (Groundball, 56S, EV 70.6 MPH) (infield hit)
Raul de la Cruz to third
Gabe Pace to second
Batting: RHB Marcos Villalobos 0-0: Ball
1-0: Ball
2-0: Ball
3-0: Called Strike
3-1: Foul Ball, location: 2F
3-2: Base on Balls
Raul de la Cruz scores
Gabe Pace to third
John Hering to second
Batting: RHB Kirk Seiffert 0-0: Called Strike
0-1: Ball
1-1: Fielders Choice at 2nd, 5-4 (Groundball, 56, EV 90.0 MPH)
Top of the 1st over - 1 run, 1 hit, 0 errors, 3 left on base; New Hampshire 1 - Corpus Christi 0
BOTTOM OF THE 1ST
Corpus Christi Hooks batting - Pitching for New Hampshire Fisher Cats : RHP Bill Dillard
Pitching: RHP Bill Dillard
Batting: RHB Yi-lin Niu 0-0: Fly out, F5 (Popup, 25F, EV 93.1 MPH)
Batting: RHB Jesus Malave 0-0: Called Strike
0-1: Ball
1-1: Ball
2-1: Swinging Strike
2-2: Foul Ball, location: 2F
2-2: Ball
3-2: Foul Ball, location: 2F
3-2: Strikes out swinging
Batting: RHB Elijah Hunter 0-0: Swinging Strike
0-1: Ball
1-1: Foul Ball, location: 2F
1-2: Strikes out swinging
Bottom of the 1st over - 0 runs, 0 hits, 0 errors, 0 left on base; New Hampshire 1 - Corpus Christi 0
TOP OF THE 2ND
New Hampshire Fisher Cats batting - Pitching for Corpus Christi Hooks : RHP Muckle Wildriver
Batting: LHB Kurt Estep 0-0: Ball
1-0: Ball
2-0: Called Strike
2-1: Foul Ball, location: 2F
2-2: Strikes out looking
Batting: RHB Justin Powell 0-0: Ball
1-0: Fly out, F6 (Line Drive, 6, EV 65.0 MPH)
Batting: RHB Tokuji Kawabata 0-0: Foul Ball, location: 2F
0-1: Ball
1-1: Ball
2-1: Foul Ball, location: 2F
2-2: Strikes out looking
Top of the 2nd over - 0 runs, 0 hits, 0 errors, 0 left on base; New Hampshire 1 - Corpus Christi 0
BOTTOM OF THE 2ND
Corpus Christi Hooks batting - Pitching for New Hampshire Fisher Cats : RHP Bill Dillard
Batting: RHB Masaru Konno 0-0: Fly out, F9 (Flyball, 9D, EV 101.9 MPH)
Batting: RHB Duncan Collins 0-0: Called Strike
0-1: SOLO HOME RUN (Flyball, 78XD, EV 109.4 MPH), Distance : 432 ft
Batting: RHB Bryan Peterson 0-0: Foul Ball, location: 2F
0-1: Called Strike
0-2: Fly out, F8 (Flyball, 78XD, EV 80.6 MPH)
Batting: RHB Alex Campos 0-0: Ball
1-0: Ground out 6-3 (Groundball, 56D, EV 103.1 MPH)
Bottom of the 2nd over - 1 run, 1 hit, 0 errors, 0 left on base; New Hampshire 1 - Corpus Christi 1
TOP OF THE 3RD
New Hampshire Fisher Cats batting - Pitching for Corpus Christi Hooks : RHP Muckle Wildriver
Batting: RHB Stephen Casteel 0-0: Swinging Strike
0-1: Ball
1-1: Ball
2-1: Swinging Strike
2-2: Strikes out swinging
Batting: RHB Raul de la Cruz 0-0: Called Strike
0-1: Ball
1-1: Ball
2-1: Swinging Strike
2-2: Ball
3-2: Ground out 4-3 (Groundball, 4, EV 85.6 MPH)
Batting: LHB Gabe Pace 0-0: Called Strike
0-1: Foul Ball, location: 2F
0-2: Ball
1-2: Ball
2-2: Ground out 4-3 (Groundball, 34D, EV 108.8 MPH)
Top of the 3rd over - 0 runs, 0 hits, 0 errors, 0 left on base; New Hampshire 1 - Corpus Christi 1
BOTTOM OF THE 3RD
Corpus Christi Hooks batting - Pitching for New Hampshire Fisher Cats : RHP Bill Dillard
Batting: RHB Juan Mendoza 0-0: Ball
1-0: Ground out 6-3 (Groundball, 56, EV 86.9 MPH)
Batting: RHB Dave Gallegos 0-0: Ground out 5-3 (Groundball, 56S, EV 83.8 MPH)
Batting: RHB Yi-lin Niu 0-0: Foul Ball, location: 2F
0-1: Ground out 6-3 (Groundball, 6M, EV 82.5 MPH)
Bottom of the 3rd over - 0 runs, 0 hits, 0 errors, 0 left on base; New Hampshire 1 - Corpus Christi 1
TOP OF THE 4TH
New Hampshire Fisher Cats batting - Pitching for Corpus Christi Hooks : RHP Muckle Wildriver
Batting: RHB John Hering 0-0: Ball
1-0: SINGLE (Groundball, P, EV 83.8 MPH) (infield hit)
Batting: RHB Marcos Villalobos 0-0: Called Strike
John Hering is caught stealing 2nd base 2-4
0-1: Ball
1-1: Fly out, F8 (Flyball, 8RS, EV 90.0 MPH)
Batting: RHB Kirk Seiffert 0-0: Hit by Pitch
Batting: LHB Kurt Estep 0-0: Called Strike
Pickoff Play to 1st, Runner tries for 2nd, OUT after rundown.
Top of the 4th over - 0 runs, 1 hit, 0 errors, 0 left on base; New Hampshire 1 - Corpus Christi 1
BOTTOM OF THE 4TH
Corpus Christi Hooks batting - Pitching for New Hampshire Fisher Cats : RHP Bill Dillard
Batting: RHB Jesus Malave 0-0: Ball
1-0: Swinging Strike
1-1: Fly out, F2 (Popup, 3SF, EV 81.9 MPH)
Batting: RHB Elijah Hunter 0-0: Foul Ball, location: 2F
0-1: Ball
1-1: Ball
2-1: SINGLE (Groundball, 56D, EV 97.5 MPH)
Batting: RHB Masaru Konno 0-0: Foul Ball, location: 2F
0-1: Ball
1-1: Foul Ball, location: 2F
1-2: Ball
2-2: Grounds into double play, 4-6-3 (Groundball, 4, EV 86.2 MPH)
Bottom of the 4th over - 0 runs, 1 hit, 0 errors, 0 left on base; New Hampshire 1 - Corpus Christi 1
TOP OF THE 5TH
New Hampshire Fisher Cats batting - Pitching for Corpus Christi Hooks : RHP Muckle Wildriver
Batting: LHB Kurt Estep 0-0: Ball
1-0: Ball
2-0: Ball
3-0: Called Strike
3-1: Fly out, F8 (Flyball, 8RD, EV 95.6 MPH)
Batting: RHB Justin Powell 0-0: Ball
1-0: Foul Ball, location: 2F
1-1: Foul Ball, location: 2F
1-2: Ball
2-2: SINGLE (Line Drive, 4D, EV 101.2 MPH)
Batting: RHB Tokuji Kawabata 0-0: Ball
1-0: Ball
2-0: SINGLE (Groundball, 5S, EV 63.8 MPH) (infield hit)
Justin Powell to second
Batting: RHB Stephen Casteel 0-0: Called Strike
0-1: Ball
1-1: Ball
2-1: Foul Ball, location: 2F
2-2: Grounds into double play, 5-4-3 (Groundball, 56, EV 104.4 MPH)
Top of the 5th over - 0 runs, 2 hits, 0 errors, 1 left on base; New Hampshire 1 - Corpus Christi 1
BOTTOM OF THE 5TH
Corpus Christi Hooks batting - Pitching for New Hampshire Fisher Cats : RHP Bill Dillard
Batting: RHB Duncan Collins 0-0: Ball
1-0: Fly out, F4 (Popup, 3S, EV 79.4 MPH)
Batting: RHB Bryan Peterson 0-0: Ball
1-0: Called Strike
1-1: Ball
2-1: Ball
3-1: Base on Balls
Batting: RHB Alex Campos 0-0: Swinging Strike
0-1: Swinging Strike
0-2: Ball
1-2: Strikes out swinging
Batting: RHB Juan Mendoza 0-0: Called Strike
0-1: Ball
1-1: Called Strike
1-2: Fly out, F9 (Flyball, 9, EV 93.1 MPH)
Bottom of the 5th over - 0 runs, 0 hits, 0 errors, 1 left on base; New Hampshire 1 - Corpus Christi 1
TOP OF THE 6TH
New Hampshire Fisher Cats batting - Pitching for Corpus Christi Hooks : RHP Muckle Wildriver
Batting: RHB Raul de la Cruz 0-0: Ball
1-0: Foul Ball, location: 2F
1-1: Foul Ball, location: 2F
1-2: Ball
2-2: Foul Ball, location: 2F
2-2: Strikes out swinging
Batting: LHB Gabe Pace 0-0: Fly out, F7 (Flyball, 7S, EV 89.4 MPH)
Batting: RHB John Hering 0-0: Called Strike
0-1: Ball
1-1: Called Strike
1-2: Foul Ball, location: 2F
1-2: Ball
2-2: Ball
3-2: Foul Ball, location: 2F
3-2: Strikes out looking
Top of the 6th over - 0 runs, 0 hits, 0 errors, 0 left on base; New Hampshire 1 - Corpus Christi 1
BOTTOM OF THE 6TH
Corpus Christi Hooks batting - Pitching for New Hampshire Fisher Cats : RHP Bill Dillard
Batting: RHB Dave Gallegos 0-0: Swinging Strike
0-1: Ball
1-1: Ball
2-1: SINGLE (Groundball, 56D, EV 98.1 MPH)
Batting: RHB Yi-lin Niu 0-0: Ball
1-0: Ball
2-0: Ball
3-0: Called Strike
3-1: Called Strike
3-2: 2-RUN HOME RUN (Flyball, 7D, EV 103.8 MPH), Distance : 396 ft
Batting: RHB Jesus Malave 0-0: Ball
1-0: Called Strike
1-1: Ball
2-1: Ball
3-1: SINGLE (Groundball, 4MD, EV 95.0 MPH)
Batting: RHB Elijah Hunter 0-0: Ball
1-0: Fly out, F9 (Flyball, 89S, EV 77.5 MPH)
Batting: RHB Masaru Konno 0-0: Swinging Strike
0-1: Ball
1-1: Foul Ball, location: 2F
1-2: Ball
2-2: Fly out, F3 (Popup, 3L, EV 60.0 MPH)
Batting: RHB Duncan Collins 0-0: Called Strike
0-1: Ball
1-1: Called Strike
1-2: Ball
2-2: Foul Ball, location: 2F
2-2: Ball
3-2: Strikes out swinging
Bottom of the 6th over - 2 runs, 3 hits, 0 errors, 1 left on base; New Hampshire 1 - Corpus Christi 3
TOP OF THE 7TH
New Hampshire Fisher Cats batting - Pitching for Corpus Christi Hooks : RHP Muckle Wildriver
Batting: RHB Marcos Villalobos 0-0: Ball
1-0: Ground out 6-3 (Groundball, 6, EV 80.6 MPH)
Pitching: RHP Zack Evans
Batting: RHB Kirk Seiffert 0-0: Ball
1-0: Ball
2-0: Ball
3-0: Base on Balls
Batting: LHB Kurt Estep 0-0: Called Strike
0-1: Called Strike
0-2: Ball
1-2: Ball
2-2: Ball
3-2: Foul Ball, location: 2F
3-2: Base on Balls
Kirk Seiffert to second
Batting: RHB Justin Powell 0-0: Ball
1-0: Called Strike
Kirk Seiffert steals 3rd base
Kurt Estep to second
1-1: Swinging Strike
1-2: Ball
2-2: Foul Ball, location: 2F
2-2: Ball
3-2: Foul Ball, location: 2F
3-2: Base on Balls
Pinch Hitting: SHB Gregg Whitecotton 0-0: Ball
1-0: Ball
2-0: Ball
3-0: Base on Balls
Kirk Seiffert scores
Kurt Estep to third
Justin Powell to second
Batting: RHB Stephen Casteel 0-0: Called Strike
0-1: Ball
1-1: Swinging Strike
1-2: Fly out, F3 (Line Drive, 3, EV 66.2 MPH)
Batting: RHB Raul de la Cruz 0-0: Foul Ball, location: 2F
0-1: Foul Ball, location: 2F
0-2: Strikes out swinging
Top of the 7th over - 1 run, 0 hits, 0 errors, 3 left on base; New Hampshire 2 - Corpus Christi 3
BOTTOM OF THE 7TH
Corpus Christi Hooks batting - Pitching for New Hampshire Fisher Cats : RHP Bill Dillard
Now at 3B: Gregg Whitecotton
Batting: RHB Bryan Peterson 0-0: Called Strike
0-1: Ball
1-1: SINGLE (Line Drive, 89S, EV 105.6 MPH)
Batting: RHB Alex Campos 0-0: Bunt missed!
0-1: Sac Bunt to 2L - play at first, batter OUT! 2-3
Bryan Peterson to second
Batting: RHB Juan Mendoza 0-0: Intentional Walk
Batting: RHB Dave Gallegos 0-0: Ball
1-0: Ball
2-0: Grounds into double play, 6-4-3 (Groundball, 56, EV 89.4 MPH)
Bottom of the 7th over - 0 runs, 1 hit, 0 errors, 1 left on base; New Hampshire 2 - Corpus Christi 3
TOP OF THE 8TH
New Hampshire Fisher Cats batting - Pitching for Corpus Christi Hooks : RHP Zack Evans
Pitching: LHP Glenn Lowther
Pinch Hitting: RHB Chris Pounds 0-0: Called Strike
0-1: Foul Ball, location: 2F
0-2: Fly out, F9 (Flyball, 89M, EV 99.4 MPH)
Batting: RHB John Hering 0-0: Called Strike
0-1: Fly out, F5 (Line Drive, 56, EV 68.1 MPH)
Batting: RHB Marcos Villalobos 0-0: Ball
1-0: Foul Ball, location: 2F
1-1: Ground out 4-3 (Groundball, 4, EV 93.8 MPH)
Top of the 8th over - 0 runs, 0 hits, 0 errors, 0 left on base; New Hampshire 2 - Corpus Christi 3
BOTTOM OF THE 8TH
Corpus Christi Hooks batting - Pitching for New Hampshire Fisher Cats : RHP Bill Dillard
Now in LF: Eddie Muniz
Batting: RHB Yi-lin Niu 0-0: Ball
1-0: Ball
2-0: Called Strike
2-1: Ball
3-1: Ground out 6-3 (Groundball, 6, EV 98.8 MPH)
Batting: RHB Jesus Malave 0-0: Swinging Strike
0-1: Swinging Strike
0-2: Ball
1-2: DOUBLE (Line Drive, 8LXD, EV 97.5 MPH)
Batting: RHB Elijah Hunter 0-0: Intentional Walk
Batting: RHB Masaru Konno 0-0: Grounds into double play, 4-6-3 (Groundball, 4MD, EV 104.4 MPH)
Bottom of the 8th over - 0 runs, 1 hit, 0 errors, 1 left on base; New Hampshire 2 - Corpus Christi 3
TOP OF THE 9TH
New Hampshire Fisher Cats batting - Pitching for Corpus Christi Hooks : LHP Glenn Lowther
Pitching: RHP Bobby Leija
Pinch Hitting: SHB Bryan Johnston 0-0: Called Strike
0-1: Ball
1-1: Ground out 4-3 (Groundball, 4, EV 103.1 MPH)
Batting: LHB Kurt Estep 0-0: Swinging Strike
0-1: Called Strike
0-2: Strikes out looking
Batting: RHB Justin Powell 0-0: Called Strike
0-1: Swinging Strike
0-2: Foul Ball, location: 2F
0-2: Ball
1-2: Ball
2-2: SINGLE (Groundball, 6MD, EV 108.8 MPH)
Batting: SHB Gregg Whitecotton 0-0: Called Strike
0-1: Foul Ball, location: 2F
0-2: Foul Ball, location: 2F
0-2: Ball
Justin Powell steals 2nd base
1-2: Strikes out looking
Top of the 9th over - 0 runs, 1 hit, 0 errors, 1 left on base; New Hampshire 2 - Corpus Christi 3
Sunday, July 16th , 2023 - OOTP Baseball 24.6 Build 69